Workbook

Sheet Summary
A1: HVAC Residential Service Proposal Worksheet — Summary
A2: Calculated indicators update from the proposal and line-item records when the workbook recalculates.
A4: Indicator | B4: Calculated Value | D4: Proposal Status | E4: Count
A5: Prepared proposal options | B5: =COUNTIF(Proposals!$A$7:$A$106,"<>") | D5: Draft | E5: =COUNTIF(Proposals!$J$7:$J$106,D5)
A6: Options ready for review | B6: =COUNTIF(Proposals!$P$7:$P$106,"Ready for review") | D6: Presented | E6: =COUNTIF(Proposals!$J$7:$J$106,D6)
A7: Options requiring a check | B7: =COUNTIF(Proposals!$P$7:$P$106,"Check*") | D7: Accepted | E7: =COUNTIF(Proposals!$J$7:$J$106,D7)
A8: Total proposed value | B8: =IF(COUNT(Proposals!$M$7:$M$106)=0,"",SUM(Proposals!$M$7:$M$106)) | D8: Declined | E8: =COUNTIF(Proposals!$J$7:$J$106,D8)
A9: Accepted proposed value | B9: =IF(COUNTIFS(Proposals!$J$7:$J$106,"Accepted",Proposals!$M$7:$M$106,">0")=0,"",IFERROR(SUMIF(Proposals!$J$7:$J$106,"Accepted",Proposals!$M$7:$M$106),"")) | D9: On Hold | E9: =COUNTIF(Proposals!$J$7:$J$106,D9)
A10: Average priced option | B10: =IFERROR(AVERAGEIF(Proposals!$M$7:$M$106,">0"),"")
A11: Included line items | B11: =COUNTIF('Line Items'!$M$7:$M$106,"Included")

Sheet Proposals
A1: Residential Service Proposal Options
A2: Enter proposal details in pale orange cells. Calculated cost and price include only line items marked Included.
A3: Review scope, dates, assumptions, and amounts before presenting any fictional sample or contractor-entered option.
A6: Proposal ID | B6: Job ID | C6: Proposal Date | D6: Customer | E6: Job Description | F6: Equipment Description | G6: Technician | H6: Option Description | I6: Responsibility | J6: Status | K6: Valid Through | L6: Included Cost | M6: Proposed Price | N6: Margin | O6: Margin Percent | P6: Review Alert
A7: FICT-P-001 | B7: FICT-J-001 | C7: 46232 | D7: Fictional Maple Residence | E7: Restore cooling operation | F7: Fictional 3-ton split system | G7: Fictional Technician A | H7: Repair option | I7: Contractor | J7: Presented | K7: =IF(C7="","",IFERROR(C7+Assumptions!$B$6,"")) | L7: =IF(A7="","",IF(COUNTIFS('Line Items'!$A$7:$A$106,A7,'Line Items'!$M$7:$M$106,"Included")=0,"",IFERROR(SUMIFS('Line Items'!$I$7:$I$106,'Line Items'!$A$7:$A$106,A7,'Line Items'!$M$7:$M$106,"Included"),""))) | M7: =IF(A7="","",IF(COUNTIFS('Line Items'!$A$7:$A$106,A7,'Line Items'!$M$7:$M$106,"Included")=0,"",IFERROR(SUMIFS('Line Items'!$K$7:$K$106,'Line Items'!$A$7:$A$106,A7,'Line Items'!$M$7:$M$106,"Included"),""))) | N7: =IF(OR(L7="",M7=""),"",IFERROR(M7-L7,"")) | O7: =IF(OR(M7="",M7=0,N7=""),"",IFERROR(N7/M7,"")) | P7: =IF(COUNTA(A7:J7)=0,"",IF(OR(A7="",B7="",C7="",D7="",E7="",F7="",G7="",H7="",I7="",J7=""),"Check required inputs",IF(COUNTIF($A$7:$A$106,A7)>1,"Check duplicate proposal ID",IF(COUNTIFS('Line Items'!$A$7:$A$106,A7,'Line Items'!$M$7:$M$106,"Included")=0,"Check included lines",IF(AND(K7<>"",K7<TODAY(),OR(J7="Draft",J7="Presented",J7="On Hold")),"Check expired date",IF(IFERROR(AND(O7<>"",O7<Assumptions!$B$5),FALSE),"Check margin","Ready for review"))))))
A8: FICT-P-002 | B8: FICT-J-001 | C8: 46267 | D8: Fictional Maple Residence | E8: Replace the cooling system | F8: Fictional 3-ton split system | G8: Fictional Technician Team | H8: Replacement option | I8: Contractor | J8: Accepted | K8: =IF(C8="","",IFERROR(C8+Assumptions!$B$6,"")) | L8: =IF(A8="","",IF(COUNTIFS('Line Items'!$A$7:$A$106,A8,'Line Items'!$M$7:$M$106,"Included")=0,"",IFERROR(SUMIFS('Line Items'!$I$7:$I$106,'Line Items'!$A$7:$A$106,A8,'Line Items'!$M$7:$M$106,"Included"),""))) | M8: =IF(A8="","",IF(COUNTIFS('Line Items'!$A$7:$A$106,A8,'Line Items'!$M$7:$M$106,"Included")=0,"",IFERROR(SUMIFS('Line Items'!$K$7:$K$106,'Line Items'!$A$7:$A$106,A8,'Line Items'!$M$7:$M$106,"Included"),""))) | N8: =IF(OR(L8="",M8=""),"",IFERROR(M8-L8,"")) | O8: =IF(OR(M8="",M8=0,N8=""),"",IFERROR(N8/M8,"")) | P8: =IF(COUNTA(A8:J8)=0,"",IF(OR(A8="",B8="",C8="",D8="",E8="",F8="",G8="",H8="",I8="",J8=""),"Check required inputs",IF(COUNTIF($A$7:$A$106,A8)>1,"Check duplicate proposal ID",IF(COUNTIFS('Line Items'!$A$7:$A$106,A8,'Line Items'!$M$7:$M$106,"Included")=0,"Check included lines",IF(AND(K8<>"",K8<TODAY(),OR(J8="Draft",J8="Presented",J8="On Hold")),"Check expired date",IF(IFERROR(AND(O8<>"",O8<Assumptions!$B$5),FALSE),"Check margin","Ready for review"))))))
A9: FICT-P-003 | B9: FICT-J-002 | C9: 46269 | D9: Fictional Bluebird Residence | E9: Address weak supply airflow | F9: Fictional attic air handler | G9: Fictional Technician B | H9: Blower repair option | I9: Contractor | J9: Draft | K9: =IF(C9="","",IFERROR(C9+Assumptions!$B$6,"")) | L9: =IF(A9="","",IF(COUNTIFS('Line Items'!$A$7:$A$106,A9,'Line Items'!$M$7:$M$106,"Included")=0,"",IFERROR(SUMIFS('Line Items'!$I$7:$I$106,'Line Items'!$A$7:$A$106,A9,'Line Items'!$M$7:$M$106,"Included"),""))) | M9: =IF(A9="","",IF(COUNTIFS('Line Items'!$A$7:$A$106,A9,'Line Items'!$M$7:$M$106,"Included")=0,"",IFERROR(SUMIFS('Line Items'!$K$7:$K$106,'Line Items'!$A$7:$A$106,A9,'Line Items'!$M$7:$M$106,"Included"),""))) | N9: =IF(OR(L9="",M9=""),"",IFERROR(M9-L9,"")) | O9: =IF(OR(M9="",M9=0,N9=""),"",IFERROR(N9/M9,"")) | P9: =IF(COUNTA(A9:J9)=0,"",IF(OR(A9="",B9="",C9="",D9="",E9="",F9="",G9="",H9="",I9="",J9=""),"Check required inputs",IF(COUNTIF($A$7:$A$106,A9)>1,"Check duplicate proposal ID",IF(COUNTIFS('Line Items'!$A$7:$A$106,A9,'Line Items'!$M$7:$M$106,"Included")=0,"Check included lines",IF(AND(K9<>"",K9<TODAY(),OR(J9="Draft",J9="Presented",J9="On Hold")),"Check expired date",IF(IFERROR(AND(O9<>"",O9<Assumptions!$B$5),FALSE),"Check margin","Ready for review"))))))
A10: FICT-P-004 | B10: FICT-J-002 | C10: 46271 | D10: Fictional Bluebird Residence | E10: Address weak supply airflow | F10: Fictional attic air handler | G10: Fictional Technician B | H10: Duct adjustment option | I10: Contractor | J10: Presented | K10: =IF(C10="","",IFERROR(C10+Assumptions!$B$6,"")) | L10: =IF(A10="","",IF(COUNTIFS('Line Items'!$A$7:$A$106,A10,'Line Items'!$M$7:$M$106,"Included")=0,"",IFERROR(SUMIFS('Line Items'!$I$7:$I$106,'Line Items'!$A$7:$A$106,A10,'Line Items'!$M$7:$M$106,"Included"),""))) | M10: =IF(A10="","",IF(COUNTIFS('Line Items'!$A$7:$A$106,A10,'Line Items'!$M$7:$M$106,"Included")=0,"",IFERROR(SUMIFS('Line Items'!$K$7:$K$106,'Line Items'!$A$7:$A$106,A10,'Line Items'!$M$7:$M$106,"Included"),""))) | N10: =IF(OR(L10="",M10=""),"",IFERROR(M10-L10,"")) | O10: =IF(OR(M10="",M10=0,N10=""),"",IFERROR(N10/M10,"")) | P10: =IF(COUNTA(A10:J10)=0,"",IF(OR(A10="",B10="",C10="",D10="",E10="",F10="",G10="",H10="",I10="",J10=""),"Check required inputs",IF(COUNTIF($A$7:$A$106,A10)>1,"Check duplicate proposal ID",IF(COUNTIFS('Line Items'!$A$7:$A$106,A10,'Line Items'!$M$7:$M$106,"Included")=0,"Check included lines",IF(AND(K10<>"",K10<TODAY(),OR(J10="Draft",J10="Presented",J10="On Hold")),"Check expired date",IF(IFERROR(AND(O10<>"",O10<Assumptions!$B$5),FALSE),"Check margin","Ready for review"))))))
A11: FICT-P-005 | B11: FICT-J-003 | C11: 46272 | D11: Fictional Cedar Residence | E11: Address a no-heat condition | F11: Fictional gas furnace | G11: Fictional Technician C | H11: Ignition repair option | I11: Contractor | J11: Declined | K11: =IF(C11="","",IFERROR(C11+Assumptions!$B$6,"")) | L11: =IF(A11="","",IF(COUNTIFS('Line Items'!$A$7:$A$106,A11,'Line Items'!$M$7:$M$106,"Included")=0,"",IFERROR(SUMIFS('Line Items'!$I$7:$I$106,'Line Items'!$A$7:$A$106,A11,'Line Items'!$M$7:$M$106,"Included"),""))) | M11: =IF(A11="","",IF(COUNTIFS('Line Items'!$A$7:$A$106,A11,'Line Items'!$M$7:$M$106,"Included")=0,"",IFERROR(SUMIFS('Line Items'!$K$7:$K$106,'Line Items'!$A$7:$A$106,A11,'Line Items'!$M$7:$M$106,"Included"),""))) | N11: =IF(OR(L11="",M11=""),"",IFERROR(M11-L11,"")) | O11: =IF(OR(M11="",M11=0,N11=""),"",IFERROR(N11/M11,"")) | P11: =IF(COUNTA(A11:J11)=0,"",IF(OR(A11="",B11="",C11="",D11="",E11="",F11="",G11="",H11="",I11="",J11=""),"Check required inputs",IF(COUNTIF($A$7:$A$106,A11)>1,"Check duplicate proposal ID",IF(COUNTIFS('Line Items'!$A$7:$A$106,A11,'Line Items'!$M$7:$M$106,"Included")=0,"Check included lines",IF(AND(K11<>"",K11<TODAY(),OR(J11="Draft",J11="Presented",J11="On Hold")),"Check expired date",IF(IFERROR(AND(O11<>"",O11<Assumptions!$B$5),FALSE),"Check margin","Ready for review"))))))
A12: FICT-P-006 | B12: FICT-J-003 | C12: 46273 | D12: Fictional Cedar Residence | E12: Replace the heating equipment | F12: Fictional gas furnace | G12: Fictional Technician Team | H12: Furnace replacement option | I12: Contractor | J12: Accepted | K12: =IF(C12="","",IFERROR(C12+Assumptions!$B$6,"")) | L12: =IF(A12="","",IF(COUNTIFS('Line Items'!$A$7:$A$106,A12,'Line Items'!$M$7:$M$106,"Included")=0,"",IFERROR(SUMIFS('Line Items'!$I$7:$I$106,'Line Items'!$A$7:$A$106,A12,'Line Items'!$M$7:$M$106,"Included"),""))) | M12: =IF(A12="","",IF(COUNTIFS('Line Items'!$A$7:$A$106,A12,'Line Items'!$M$7:$M$106,"Included")=0,"",IFERROR(SUMIFS('Line Items'!$K$7:$K$106,'Line Items'!$A$7:$A$106,A12,'Line Items'!$M$7:$M$106,"Included"),""))) | N12: =IF(OR(L12="",M12=""),"",IFERROR(M12-L12,"")) | O12: =IF(OR(M12="",M12=0,N12=""),"",IFERROR(N12/M12,"")) | P12: =IF(COUNTA(A12:J12)=0,"",IF(OR(A12="",B12="",C12="",D12="",E12="",F12="",G12="",H12="",I12="",J12=""),"Check required inputs",IF(COUNTIF($A$7:$A$106,A12)>1,"Check duplicate proposal ID",IF(COUNTIFS('Line Items'!$A$7:$A$106,A12,'Line Items'!$M$7:$M$106,"Included")=0,"Check included lines",IF(AND(K12<>"",K12<TODAY(),OR(J12="Draft",J12="Presented",J12="On Hold")),"Check expired date",IF(IFERROR(AND(O12<>"",O12<Assumptions!$B$5),FALSE),"Check margin","Ready for review"))))))
A13: FICT-P-007 | B13: FICT-J-004 | C13: 46274 | D13: Fictional Juniper Residence | E13: Reduce condensate leakage | F13: Fictional fan coil | G13: Fictional Technician A | H13: Drain repair option | I13: Contractor | J13: On Hold | K13: =IF(C13="","",IFERROR(C13+Assumptions!$B$6,"")) | L13: =IF(A13="","",IF(COUNTIFS('Line Items'!$A$7:$A$106,A13,'Line Items'!$M$7:$M$106,"Included")=0,"",IFERROR(SUMIFS('Line Items'!$I$7:$I$106,'Line Items'!$A$7:$A$106,A13,'Line Items'!$M$7:$M$106,"Included"),""))) | M13: =IF(A13="","",IF(COUNTIFS('Line Items'!$A$7:$A$106,A13,'Line Items'!$M$7:$M$106,"Included")=0,"",IFERROR(SUMIFS('Line Items'!$K$7:$K$106,'Line Items'!$A$7:$A$106,A13,'Line Items'!$M$7:$M$106,"Included"),""))) | N13: =IF(OR(L13="",M13=""),"",IFERROR(M13-L13,"")) | O13: =IF(OR(M13="",M13=0,N13=""),"",IFERROR(N13/M13,"")) | P13: =IF(COUNTA(A13:J13)=0,"",IF(OR(A13="",B13="",C13="",D13="",E13="",F13="",G13="",H13="",I13="",J13=""),"Check required inputs",IF(COUNTIF($A$7:$A$106,A13)>1,"Check duplicate proposal ID",IF(COUNTIFS('Line Items'!$A$7:$A$106,A13,'Line Items'!$M$7:$M$106,"Included")=0,"Check included lines",IF(AND(K13<>"",K13<TODAY(),OR(J13="Draft",J13="Presented",J13="On Hold")),"Check expired date",IF(IFERROR(AND(O13<>"",O13<Assumptions!$B$5),FALSE),"Check margin","Ready for review"))))))
A14: FICT-P-008 | B14: FICT-J-005 | C14: 46275 | D14: Fictional Aspen Residence | E14: Investigate thermostat operation | F14: Fictional heat pump | G14: Fictional Technician B | H14: Control replacement option | I14: Contractor | J14: Draft | K14: =IF(C14="","",IFERROR(C14+Assumptions!$B$6,"")) | L14: =IF(A14="","",IF(COUNTIFS('Line Items'!$A$7:$A$106,A14,'Line Items'!$M$7:$M$106,"Included")=0,"",IFERROR(SUMIFS('Line Items'!$I$7:$I$106,'Line Items'!$A$7:$A$106,A14,'Line Items'!$M$7:$M$106,"Included"),""))) | M14: =IF(A14="","",IF(COUNTIFS('Line Items'!$A$7:$A$106,A14,'Line Items'!$M$7:$M$106,"Included")=0,"",IFERROR(SUMIFS('Line Items'!$K$7:$K$106,'Line Items'!$A$7:$A$106,A14,'Line Items'!$M$7:$M$106,"Included"),""))) | N14: =IF(OR(L14="",M14=""),"",IFERROR(M14-L14,"")) | O14: =IF(OR(M14="",M14=0,N14=""),"",IFERROR(N14/M14,"")) | P14: =IF(COUNTA(A14:J14)=0,"",IF(OR(A14="",B14="",C14="",D14="",E14="",F14="",G14="",H14="",I14="",J14=""),"Check required inputs",IF(COUNTIF($A$7:$A$106,A14)>1,"Check duplicate proposal ID",IF(COUNTIFS('Line Items'!$A$7:$A$106,A14,'Line Items'!$M$7:$M$106,"Included")=0,"Check included lines",IF(AND(K14<>"",K14<TODAY(),OR(J14="Draft",J14="Presented",J14="On Hold")),"Check expired date",IF(IFERROR(AND(O14<>"",O14<Assumptions!$B$5),FALSE),"Check margin","Ready for review"))))))
A15: FICT-P-009 | B15: FICT-J-006 | C15: 46276 | D15: Fictional Birch Residence | E15: Replace damaged refrigerant-line insulation | F15: Fictional mini-split system | G15: Fictional Technician A | H15: Insulation replacement option | I15: Contractor | J15: Presented | K15: =IF(C15="","",IFERROR(C15+Assumptions!$B$6,"")) | L15: =IF(A15="","",IF(COUNTIFS('Line Items'!$A$7:$A$106,A15,'Line Items'!$M$7:$M$106,"Included")=0,"",IFERROR(SUMIFS('Line Items'!$I$7:$I$106,'Line Items'!$A$7:$A$106,A15,'Line Items'!$M$7:$M$106,"Included"),""))) | M15: =IF(A15="","",IF(COUNTIFS('Line Items'!$A$7:$A$106,A15,'Line Items'!$M$7:$M$106,"Included")=0,"",IFERROR(SUMIFS('Line Items'!$K$7:$K$106,'Line Items'!$A$7:$A$106,A15,'Line Items'!$M$7:$M$106,"Included"),""))) | N15: =IF(OR(L15="",M15=""),"",IFERROR(M15-L15,"")) | O15: =IF(OR(M15="",M15=0,N15=""),"",IFERROR(N15/M15,"")) | P15: =IF(COUNTA(A15:J15)=0,"",IF(OR(A15="",B15="",C15="",D15="",E15="",F15="",G15="",H15="",I15="",J15=""),"Check required inputs",IF(COUNTIF($A$7:$A$106,A15)>1,"Check duplicate proposal ID",IF(COUNTIFS('Line Items'!$A$7:$A$106,A15,'Line Items'!$M$7:$M$106,"Included")=0,"Check included lines",IF(AND(K15<>"",K15<TODAY(),OR(J15="Draft",J15="Presented",J15="On Hold")),"Check expired date",IF(IFERROR(AND(O15<>"",O15<Assumptions!$B$5),FALSE),"Check margin","Ready for review"))))))
A16: FICT-P-010 | B16: FICT-J-006 | C16: 46277 | D16: Fictional Birch Residence | E16: Consider an indoor air accessory | F16: Fictional central air system | G16: Fictional Technician Team | H16: Accessory alternate | I16: Homeowner | J16: Draft | K16: =IF(C16="","",IFERROR(C16+Assumptions!$B$6,"")) | L16: =IF(A16="","",IF(COUNTIFS('Line Items'!$A$7:$A$106,A16,'Line Items'!$M$7:$M$106,"Included")=0,"",IFERROR(SUMIFS('Line Items'!$I$7:$I$106,'Line Items'!$A$7:$A$106,A16,'Line Items'!$M$7:$M$106,"Included"),""))) | M16: =IF(A16="","",IF(COUNTIFS('Line Items'!$A$7:$A$106,A16,'Line Items'!$M$7:$M$106,"Included")=0,"",IFERROR(SUMIFS('Line Items'!$K$7:$K$106,'Line Items'!$A$7:$A$106,A16,'Line Items'!$M$7:$M$106,"Included"),""))) | N16: =IF(OR(L16="",M16=""),"",IFERROR(M16-L16,"")) | O16: =IF(OR(M16="",M16=0,N16=""),"",IFERROR(N16/M16,"")) | P16: =IF(COUNTA(A16:J16)=0,"",IF(OR(A16="",B16="",C16="",D16="",E16="",F16="",G16="",H16="",I16="",J16=""),"Check required inputs",IF(COUNTIF($A$7:$A$106,A16)>1,"Check duplicate proposal ID",IF(COUNTIFS('Line Items'!$A$7:$A$106,A16,'Line Items'!$M$7:$M$106,"Included")=0,"Check included lines",IF(AND(K16<>"",K16<TODAY(),OR(J16="Draft",J16="Presented",J16="On Hold")),"Check expired date",IF(IFERROR(AND(O16<>"",O16<Assumptions!$B$5),FALSE),"Check margin","Ready for review"))))))
K17: =IF(C17="","",IFERROR(C17+Assumptions!$B$6,"")) | L17: =IF(A17="","",IF(COUNTIFS('Line Items'!$A$7:$A$106,A17,'Line Items'!$M$7:$M$106,"Included")=0,"",IFERROR(SUMIFS('Line Items'!$I$7:$I$106,'Line Items'!$A$7:$A$106,A17,'Line Items'!$M$7:$M$106,"Included"),""))) | M17: =IF(A17="","",IF(COUNTIFS('Line Items'!$A$7:$A$106,A17,'Line Items'!$M$7:$M$106,"Included")=0,"",IFERROR(SUMIFS('Line Items'!$K$7:$K$106,'Line Items'!$A$7:$A$106,A17,'Line Items'!$M$7:$M$106,"Included"),""))) | N17: =IF(OR(L17="",M17=""),"",IFERROR(M17-L17,"")) | O17: =IF(OR(M17="",M17=0,N17=""),"",IFERROR(N17/M17,"")) | P17: =IF(COUNTA(A17:J17)=0,"",IF(OR(A17="",B17="",C17="",D17="",E17="",F17="",G17="",H17="",I17="",J17=""),"Check required inputs",IF(COUNTIF($A$7:$A$106,A17)>1,"Check duplicate proposal ID",IF(COUNTIFS('Line Items'!$A$7:$A$106,A17,'Line Items'!$M$7:$M$106,"Included")=0,"Check included lines",IF(AND(K17<>"",K17<TODAY(),OR(J17="Draft",J17="Presented",J17="On Hold")),"Check expired date",IF(IFERROR(AND(O17<>"",O17<Assumptions!$B$5),FALSE),"Check margin","Ready for review"))))))
K18: =IF(C18="","",IFERROR(C18+Assumptions!$B$6,"")) | L18: =IF(A18="","",IF(COUNTIFS('Line Items'!$A$7:$A$106,A18,'Line Items'!$M$7:$M$106,"Included")=0,"",IFERROR(SUMIFS('Line Items'!$I$7:$I$106,'Line Items'!$A$7:$A$106,A18,'Line Items'!$M$7:$M$106,"Included"),""))) | M18: =IF(A18="","",IF(COUNTIFS('Line Items'!$A$7:$A$106,A18,'Line Items'!$M$7:$M$106,"Included")=0,"",IFERROR(SUMIFS('Line Items'!$K$7:$K$106,'Line Items'!$A$7:$A$106,A18,'Line Items'!$M$7:$M$106,"Included"),""))) | N18: =IF(OR(L18="",M18=""),"",IFERROR(M18-L18,"")) | O18: =IF(OR(M18="",M18=0,N18=""),"",IFERROR(N18/M18,"")) | P18: =IF(COUNTA(A18:J18)=0,"",IF(OR(A18="",B18="",C18="",D18="",E18="",F18="",G18="",H18="",I18="",J18=""),"Check required inputs",IF(COUNTIF($A$7:$A$106,A18)>1,"Check duplicate proposal ID",IF(COUNTIFS('Line Items'!$A$7:$A$106,A18,'Line Items'!$M$7:$M$106,"Included")=0,"Check included lines",IF(AND(K18<>"",K18<TODAY(),OR(J18="Draft",J18="Presented",J18="On Hold")),"Check expired date",IF(IFERROR(AND(O18<>"",O18<Assumptions!$B$5),FALSE),"Check margin","Ready for review"))))))
K19: =IF(C19="","",IFERROR(C19+Assumptions!$B$6,"")) | L19: =IF(A19="","",IF(COUNTIFS('Line Items'!$A$7:$A$106,A19,'Line Items'!$M$7:$M$106,"Included")=0,"",IFERROR(SUMIFS('Line Items'!$I$7:$I$106,'Line Items'!$A$7:$A$106,A19,'Line Items'!$M$7:$M$106,"Included"),""))) | M19: =IF(A19="","",IF(COUNTIFS('Line Items'!$A$7:$A$106,A19,'Line Items'!$M$7:$M$106,"Included")=0,"",IFERROR(SUMIFS('Line Items'!$K$7:$K$106,'Line Items'!$A$7:$A$106,A19,'Line Items'!$M$7:$M$106,"Included"),""))) | N19: =IF(OR(L19="",M19=""),"",IFERROR(M19-L19,"")) | O19: =IF(OR(M19="",M19=0,N19=""),"",IFERROR(N19/M19,"")) | P19: =IF(COUNTA(A19:J19)=0,"",IF(OR(A19="",B19="",C19="",D19="",E19="",F19="",G19="",H19="",I19="",J19=""),"Check required inputs",IF(COUNTIF($A$7:$A$106,A19)>1,"Check duplicate proposal ID",IF(COUNTIFS('Line Items'!$A$7:$A$106,A19,'Line Items'!$M$7:$M$106,"Included")=0,"Check included lines",IF(AND(K19<>"",K19<TODAY(),OR(J19="Draft",J19="Presented",J19="On Hold")),"Check expired date",IF(IFERROR(AND(O19<>"",O19<Assumptions!$B$5),FALSE),"Check margin","Ready for review"))))))
K20: =IF(C20="","",IFERROR(C20+Assumptions!$B$6,"")) | L20: =IF(A20="","",IF(COUNTIFS('Line Items'!$A$7:$A$106,A20,'Line Items'!$M$7:$M$106,"Included")=0,"",IFERROR(SUMIFS('Line Items'!$I$7:$I$106,'Line Items'!$A$7:$A$106,A20,'Line Items'!$M$7:$M$106,"Included"),""))) | M20: =IF(A20="","",IF(COUNTIFS('Line Items'!$A$7:$A$106,A20,'Line Items'!$M$7:$M$106,"Included")=0,"",IFERROR(SUMIFS('Line Items'!$K$7:$K$106,'Line Items'!$A$7:$A$106,A20,'Line Items'!$M$7:$M$106,"Included"),""))) | N20: =IF(OR(L20="",M20=""),"",IFERROR(M20-L20,"")) | O20: =IF(OR(M20="",M20=0,N20=""),"",IFERROR(N20/M20,"")) | P20: =IF(COUNTA(A20:J20)=0,"",IF(OR(A20="",B20="",C20="",D20="",E20="",F20="",G20="",H20="",I20="",J20=""),"Check required inputs",IF(COUNTIF($A$7:$A$106,A20)>1,"Check duplicate proposal ID",IF(COUNTIFS('Line Items'!$A$7:$A$106,A20,'Line Items'!$M$7:$M$106,"Included")=0,"Check included lines",IF(AND(K20<>"",K20<TODAY(),OR(J20="Draft",J20="Presented",J20="On Hold")),"Check expired date",IF(IFERROR(AND(O20<>"",O20<Assumptions!$B$5),FALSE),"Check margin","Ready for review"))))))
K21: =IF(C21="","",IFERROR(C21+Assumptions!$B$6,"")) | L21: =IF(A21="","",IF(COUNTIFS('Line Items'!$A$7:$A$106,A21,'Line Items'!$M$7:$M$106,"Included")=0,"",IFERROR(SUMIFS('Line Items'!$I$7:$I$106,'Line Items'!$A$7:$A$106,A21,'Line Items'!$M$7:$M$106,"Included"),""))) | M21: =IF(A21="","",IF(COUNTIFS('Line Items'!$A$7:$A$106,A21,'Line Items'!$M$7:$M$106,"Included")=0,"",IFERROR(SUMIFS('Line Items'!$K$7:$K$106,'Line Items'!$A$7:$A$106,A21,'Line Items'!$M$7:$M$106,"Included"),""))) | N21: =IF(OR(L21="",M21=""),"",IFERROR(M21-L21,"")) | O21: =IF(OR(M21="",M21=0,N21=""),"",IFERROR(N21/M21,"")) | P21: =IF(COUNTA(A21:J21)=0,"",IF(OR(A21="",B21="",C21="",D21="",E21="",F21="",G21="",H21="",I21="",J21=""),"Check required inputs",IF(COUNTIF($A$7:$A$106,A21)>1,"Check duplicate proposal ID",IF(COUNTIFS('Line Items'!$A$7:$A$106,A21,'Line Items'!$M$7:$M$106,"Included")=0,"Check included lines",IF(AND(K21<>"",K21<TODAY(),OR(J21="Draft",J21="Presented",J21="On Hold")),"Check expired date",IF(IFERROR(AND(O21<>"",O21<Assumptions!$B$5),FALSE),"Check margin","Ready for review"))))))
K22: =IF(C22="","",IFERROR(C22+Assumptions!$B$6,"")) | L22: =IF(A22="","",IF(COUNTIFS('Line Items'!$A$7:$A$106,A22,'Line Items'!$M$7:$M$106,"Included")=0,"",IFERROR(SUMIFS('Line Items'!$I$7:$I$106,'Line Items'!$A$7:$A$106,A22,'Line Items'!$M$7:$M$106,"Included"),""))) | M22: =IF(A22="","",IF(COUNTIFS('Line Items'!$A$7:$A$106,A22,'Line Items'!$M$7:$M$106,"Included")=0,"",IFERROR(SUMIFS('Line Items'!$K$7:$K$106,'Line Items'!$A$7:$A$106,A22,'Line Items'!$M$7:$M$106,"Included"),""))) | N22: =IF(OR(L22="",M22=""),"",IFERROR(M22-L22,"")) | O22: =IF(OR(M22="",M22=0,N22=""),"",IFERROR(N22/M22,"")) | P22: =IF(COUNTA(A22:J22)=0,"",IF(OR(A22="",B22="",C22="",D22="",E22="",F22="",G22="",H22="",I22="",J22=""),"Check required inputs",IF(COUNTIF($A$7:$A$106,A22)>1,"Check duplicate proposal ID",IF(COUNTIFS('Line Items'!$A$7:$A$106,A22,'Line Items'!$M$7:$M$106,"Included")=0,"Check included lines",IF(AND(K22<>"",K22<TODAY(),OR(J22="Draft",J22="Presented",J22="On Hold")),"Check expired date",IF(IFERROR(AND(O22<>"",O22<Assumptions!$B$5),FALSE),"Check margin","Ready for review"))))))
K23: =IF(C23="","",IFERROR(C23+Assumptions!$B$6,"")) | L23: =IF(A23="","",IF(COUNTIFS('Line Items'!$A$7:$A$106,A23,'Line Items'!$M$7:$M$106,"Included")=0,"",IFERROR(SUMIFS('Line Items'!$I$7:$I$106,'Line Items'!$A$7:$A$106,A23,'Line Items'!$M$7:$M$106,"Included"),""))) | M23: =IF(A23="","",IF(COUNTIFS('Line Items'!$A$7:$A$106,A23,'Line Items'!$M$7:$M$106,"Included")=0,"",IFERROR(SUMIFS('Line Items'!$K$7:$K$106,'Line Items'!$A$7:$A$106,A23,'Line Items'!$M$7:$M$106,"Included"),""))) | N23: =IF(OR(L23="",M23=""),"",IFERROR(M23-L23,"")) | O23: =IF(OR(M23="",M23=0,N23=""),"",IFERROR(N23/M23,"")) | P23: =IF(COUNTA(A23:J23)=0,"",IF(OR(A23="",B23="",C23="",D23="",E23="",F23="",G23="",H23="",I23="",J23=""),"Check required inputs",IF(COUNTIF($A$7:$A$106,A23)>1,"Check duplicate proposal ID",IF(COUNTIFS('Line Items'!$A$7:$A$106,A23,'Line Items'!$M$7:$M$106,"Included")=0,"Check included lines",IF(AND(K23<>"",K23<TODAY(),OR(J23="Draft",J23="Presented",J23="On Hold")),"Check expired date",IF(IFERROR(AND(O23<>"",O23<Assumptions!$B$5),FALSE),"Check margin","Ready for review"))))))
K24: =IF(C24="","",IFERROR(C24+Assumptions!$B$6,"")) | L24: =IF(A24="","",IF(COUNTIFS('Line Items'!$A$7:$A$106,A24,'Line Items'!$M$7:$M$106,"Included")=0,"",IFERROR(SUMIFS('Line Items'!$I$7:$I$106,'Line Items'!$A$7:$A$106,A24,'Line Items'!$M$7:$M$106,"Included"),""))) | M24: =IF(A24="","",IF(COUNTIFS('Line Items'!$A$7:$A$106,A24,'Line Items'!$M$7:$M$106,"Included")=0,"",IFERROR(SUMIFS('Line Items'!$K$7:$K$106,'Line Items'!$A$7:$A$106,A24,'Line Items'!$M$7:$M$106,"Included"),""))) | N24: =IF(OR(L24="",M24=""),"",IFERROR(M24-L24,"")) | O24: =IF(OR(M24="",M24=0,N24=""),"",IFERROR(N24/M24,"")) | P24: =IF(COUNTA(A24:J24)=0,"",IF(OR(A24="",B24="",C24="",D24="",E24="",F24="",G24="",H24="",I24="",J24=""),"Check required inputs",IF(COUNTIF($A$7:$A$106,A24)>1,"Check duplicate proposal ID",IF(COUNTIFS('Line Items'!$A$7:$A$106,A24,'Line Items'!$M$7:$M$106,"Included")=0,"Check included lines",IF(AND(K24<>"",K24<TODAY(),OR(J24="Draft",J24="Presented",J24="On Hold")),"Check expired date",IF(IFERROR(AND(O24<>"",O24<Assumptions!$B$5),FALSE),"Check margin","Ready for review"))))))
K25: =IF(C25="","",IFERROR(C25+Assumptions!$B$6,"")) | L25: =IF(A25="","",IF(COUNTIFS('Line Items'!$A$7:$A$106,A25,'Line Items'!$M$7:$M$106,"Included")=0,"",IFERROR(SUMIFS('Line Items'!$I$7:$I$106,'Line Items'!$A$7:$A$106,A25,'Line Items'!$M$7:$M$106,"Included"),""))) | M25: =IF(A25="","",IF(COUNTIFS('Line Items'!$A$7:$A$106,A25,'Line Items'!$M$7:$M$106,"Included")=0,"",IFERROR(SUMIFS('Line Items'!$K$7:$K$106,'Line Items'!$A$7:$A$106,A25,'Line Items'!$M$7:$M$106,"Included"),""))) | N25: =IF(OR(L25="",M25=""),"",IFERROR(M25-L25,"")) | O25: =IF(OR(M25="",M25=0,N25=""),"",IFERROR(N25/M25,"")) | P25: =IF(COUNTA(A25:J25)=0,"",IF(OR(A25="",B25="",C25="",D25="",E25="",F25="",G25="",H25="",I25="",J25=""),"Check required inputs",IF(COUNTIF($A$7:$A$106,A25)>1,"Check duplicate proposal ID",IF(COUNTIFS('Line Items'!$A$7:$A$106,A25,'Line Items'!$M$7:$M$106,"Included")=0,"Check included lines",IF(AND(K25<>"",K25<TODAY(),OR(J25="Draft",J25="Presented",J25="On Hold")),"Check expired date",IF(IFERROR(AND(O25<>"",O25<Assumptions!$B$5),FALSE),"Check margin","Ready for review"))))))
K26: =IF(C26="","",IFERROR(C26+Assumptions!$B$6,"")) | L26: =IF(A26="","",IF(COUNTIFS('Line Items'!$A$7:$A$106,A26,'Line Items'!$M$7:$M$106,"Included")=0,"",IFERROR(SUMIFS('Line Items'!$I$7:$I$106,'Line Items'!$A$7:$A$106,A26,'Line Items'!$M$7:$M$106,"Included"),""))) | M26: =IF(A26="","",IF(COUNTIFS('Line Items'!$A$7:$A$106,A26,'Line Items'!$M$7:$M$106,"Included")=0,"",IFERROR(SUMIFS('Line Items'!$K$7:$K$106,'Line Items'!$A$7:$A$106,A26,'Line Items'!$M$7:$M$106,"Included"),""))) | N26: =IF(OR(L26="",M26=""),"",IFERROR(M26-L26,"")) | O26: =IF(OR(M26="",M26=0,N26=""),"",IFERROR(N26/M26,"")) | P26: =IF(COUNTA(A26:J26)=0,"",IF(OR(A26="",B26="",C26="",D26="",E26="",F26="",G26="",H26="",I26="",J26=""),"Check required inputs",IF(COUNTIF($A$7:$A$106,A26)>1,"Check duplicate proposal ID",IF(COUNTIFS('Line Items'!$A$7:$A$106,A26,'Line Items'!$M$7:$M$106,"Included")=0,"Check included lines",IF(AND(K26<>"",K26<TODAY(),OR(J26="Draft",J26="Presented",J26="On Hold")),"Check expired date",IF(IFERROR(AND(O26<>"",O26<Assumptions!$B$5),FALSE),"Check margin","Ready for review"))))))
K27: =IF(C27="","",IFERROR(C27+Assumptions!$B$6,"")) | L27: =IF(A27="","",IF(COUNTIFS('Line Items'!$A$7:$A$106,A27,'Line Items'!$M$7:$M$106,"Included")=0,"",IFERROR(SUMIFS('Line Items'!$I$7:$I$106,'Line Items'!$A$7:$A$106,A27,'Line Items'!$M$7:$M$106,"Included"),""))) | M27: =IF(A27="","",IF(COUNTIFS('Line Items'!$A$7:$A$106,A27,'Line Items'!$M$7:$M$106,"Included")=0,"",IFERROR(SUMIFS('Line Items'!$K$7:$K$106,'Line Items'!$A$7:$A$106,A27,'Line Items'!$M$7:$M$106,"Included"),""))) | N27: =IF(OR(L27="",M27=""),"",IFERROR(M27-L27,"")) | O27: =IF(OR(M27="",M27=0,N27=""),"",IFERROR(N27/M27,"")) | P27: =IF(COUNTA(A27:J27)=0,"",IF(OR(A27="",B27="",C27="",D27="",E27="",F27="",G27="",H27="",I27="",J27=""),"Check required inputs",IF(COUNTIF($A$7:$A$106,A27)>1,"Check duplicate proposal ID",IF(COUNTIFS('Line Items'!$A$7:$A$106,A27,'Line Items'!$M$7:$M$106,"Included")=0,"Check included lines",IF(AND(K27<>"",K27<TODAY(),OR(J27="Draft",J27="Presented",J27="On Hold")),"Check expired date",IF(IFERROR(AND(O27<>"",O27<Assumptions!$B$5),FALSE),"Check margin","Ready for review"))))))
K28: =IF(C28="","",IFERROR(C28+Assumptions!$B$6,"")) | L28: =IF(A28="","",IF(COUNTIFS('Line Items'!$A$7:$A$106,A28,'Line Items'!$M$7:$M$106,"Included")=0,"",IFERROR(SUMIFS('Line Items'!$I$7:$I$106,'Line Items'!$A$7:$A$106,A28,'Line Items'!$M$7:$M$106,"Included"),""))) | M28: =IF(A28="","",IF(COUNTIFS('Line Items'!$A$7:$A$106,A28,'Line Items'!$M$7:$M$106,"Included")=0,"",IFERROR(SUMIFS('Line Items'!$K$7:$K$106,'Line Items'!$A$7:$A$106,A28,'Line Items'!$M$7:$M$106,"Included"),""))) | N28: =IF(OR(L28="",M28=""),"",IFERROR(M28-L28,"")) | O28: =IF(OR(M28="",M28=0,N28=""),"",IFERROR(N28/M28,"")) | P28: =IF(COUNTA(A28:J28)=0,"",IF(OR(A28="",B28="",C28="",D28="",E28="",F28="",G28="",H28="",I28="",J28=""),"Check required inputs",IF(COUNTIF($A$7:$A$106,A28)>1,"Check duplicate proposal ID",IF(COUNTIFS('Line Items'!$A$7:$A$106,A28,'Line Items'!$M$7:$M$106,"Included")=0,"Check included lines",IF(AND(K28<>"",K28<TODAY(),OR(J28="Draft",J28="Presented",J28="On Hold")),"Check expired date",IF(IFERROR(AND(O28<>"",O28<Assumptions!$B$5),FALSE),"Check margin","Ready for review"))))))
... K106: =IF(C106="","",IFERROR(C106+Assumptions!$B$6,"")) | L106: =IF(A106="","",IF(COUNTIFS('Line Items'!$A$7:$A$106,A106,'Line Items'!$M$7:$M$106,"Included")=0,"",IFERROR(SUMIFS('Line Items'!$I$7:$I$106,'Line Items'!$A$7:$A$106,A106,'Line Items'!$M$7:$M$106,"Included"),""))) | M106: =IF(A106="","",IF(COUNTIFS('Line Items'!$A$7:$A$106,A106,'Line Items'!$M$7:$M$106,"Included")=0,"",IFERROR(SUMIFS('Line Items'!$K$7:$K$106,'Line Items'!$A$7:$A$106,A106,'Line Items'!$M$7:$M$106,"Included"),""))) | N106: =IF(OR(L106="",M106=""),"",IFERROR(M106-L106,"")) | O106: =IF(OR(M106="",M106=0,N106=""),"",IFERROR(N106/M106,"")) | P106: =IF(COUNTA(A106:J106)=0,"",IF(OR(A106="",B106="",C106="",D106="",E106="",F106="",G106="",H106="",I106="",J106=""),"Check required inputs",IF(COUNTIF($A$7:$A$106,A106)>1,"Check duplicate proposal ID",IF(COUNTIFS('Line Items'!$A$7:$A$106,A106,'Line Items'!$M$7:$M$106,"Included")=0,"Check included lines",IF(AND(K106<>"",K106<TODAY(),OR(J106="Draft",J106="Presented",J106="On Hold")),"Check expired date",IF(IFERROR(AND(O106<>"",O106<Assumptions!$B$5),FALSE),"Check margin","Ready for review"))))))

Sheet Line Items
A1: Proposal Line Items
A2: Enter scope, quantity, labor, cost, price, responsibility, and line status in pale orange cells.
A3: Included lines flow into proposal totals. Alternate and Excluded lines remain visible but do not enter the proposed price.
A6: Proposal ID | B6: Description | C6: Quantity | D6: Unit | E6: Labor Hours | F6: Technician | G6: Material / Equipment Cost | H6: Labor Cost | I6: Total Cost | J6: Unit Price | K6: Line Price | L6: Responsibility | M6: Line Status | N6: Review Alert
A7: FICT-P-001 | B7: Replace a failed capacitor and test the cooling cycle | C7: 1 | D7: job | E7: 2 | F7: Fictional Technician A | G7: 85 | H7: =IF(COUNTA(A7:G7,J7,L7:M7)=0,"",IF(E7="","",IFERROR(E7*VLOOKUP(F7,Assumptions!$E$5:$F$8,2,FALSE),""))) | I7: =IF(COUNTA(A7:G7,J7,L7:M7)=0,"",IF(OR(G7="",H7=""),"",IFERROR(G7+H7,""))) | J7: 420 | K7: =IF(COUNTA(A7:G7,J7,L7:M7)=0,"",IF(OR(C7="",J7=""),"",IFERROR(C7*J7,""))) | L7: Contractor | M7: Included | N7: =IF(COUNTA(A7:G7,J7,L7:M7)=0,"",IF(A7="","Check proposal ID",IF(COUNTIF(Proposals!$A$7:$A$106,A7)=0,"Check proposal ID",IF(OR(B7="",C7="",D7="",E7="",F7="",G7="",J7="",L7="",M7=""),"Check required inputs",IF(OR(C7<=0,E7<0,G7<0,J7<0),"Check quantities or amounts",IF(H7="","Check technician rate","Ready for review"))))))
A8: FICT-P-002 | B8: Replace the split cooling system as one proposal scope | C8: 1 | D8: job | E8: 12 | F8: Fictional Technician Team | G8: 3900 | H8: =IF(COUNTA(A8:G8,J8,L8:M8)=0,"",IF(E8="","",IFERROR(E8*VLOOKUP(F8,Assumptions!$E$5:$F$8,2,FALSE),""))) | I8: =IF(COUNTA(A8:G8,J8,L8:M8)=0,"",IF(OR(G8="",H8=""),"",IFERROR(G8+H8,""))) | J8: 6800 | K8: =IF(COUNTA(A8:G8,J8,L8:M8)=0,"",IF(OR(C8="",J8=""),"",IFERROR(C8*J8,""))) | L8: Contractor | M8: Included | N8: =IF(COUNTA(A8:G8,J8,L8:M8)=0,"",IF(A8="","Check proposal ID",IF(COUNTIF(Proposals!$A$7:$A$106,A8)=0,"Check proposal ID",IF(OR(B8="",C8="",D8="",E8="",F8="",G8="",J8="",L8="",M8=""),"Check required inputs",IF(OR(C8<=0,E8<0,G8<0,J8<0),"Check quantities or amounts",IF(H8="","Check technician rate","Ready for review"))))))
A9: FICT-P-003 | B9: Replace the blower motor and verify airflow settings | C9: 1 | D9: job | E9: 4 | F9: Fictional Technician B | G9: 500 | H9: =IF(COUNTA(A9:G9,J9,L9:M9)=0,"",IF(E9="","",IFERROR(E9*VLOOKUP(F9,Assumptions!$E$5:$F$8,2,FALSE),""))) | I9: =IF(COUNTA(A9:G9,J9,L9:M9)=0,"",IF(OR(G9="",H9=""),"",IFERROR(G9+H9,""))) | J9: 700 | K9: =IF(COUNTA(A9:G9,J9,L9:M9)=0,"",IF(OR(C9="",J9=""),"",IFERROR(C9*J9,""))) | L9: Contractor | M9: Included | N9: =IF(COUNTA(A9:G9,J9,L9:M9)=0,"",IF(A9="","Check proposal ID",IF(COUNTIF(Proposals!$A$7:$A$106,A9)=0,"Check proposal ID",IF(OR(B9="",C9="",D9="",E9="",F9="",G9="",J9="",L9="",M9=""),"Check required inputs",IF(OR(C9<=0,E9<0,G9<0,J9<0),"Check quantities or amounts",IF(H9="","Check technician rate","Ready for review"))))))
A10: FICT-P-004 | B10: Adjust accessible duct transitions and balance registers | C10: 1 | D10: job | E10: 6 | F10: Fictional Technician B | G10: 180 | H10: =IF(COUNTA(A10:G10,J10,L10:M10)=0,"",IF(E10="","",IFERROR(E10*VLOOKUP(F10,Assumptions!$E$5:$F$8,2,FALSE),""))) | I10: =IF(COUNTA(A10:G10,J10,L10:M10)=0,"",IF(OR(G10="",H10=""),"",IFERROR(G10+H10,""))) | J10: 980 | K10: =IF(COUNTA(A10:G10,J10,L10:M10)=0,"",IF(OR(C10="",J10=""),"",IFERROR(C10*J10,""))) | L10: Contractor | M10: Included | N10: =IF(COUNTA(A10:G10,J10,L10:M10)=0,"",IF(A10="","Check proposal ID",IF(COUNTIF(Proposals!$A$7:$A$106,A10)=0,"Check proposal ID",IF(OR(B10="",C10="",D10="",E10="",F10="",G10="",J10="",L10="",M10=""),"Check required inputs",IF(OR(C10<=0,E10<0,G10<0,J10<0),"Check quantities or amounts",IF(H10="","Check technician rate","Ready for review"))))))
A11: FICT-P-005 | B11: Replace ignition components and check furnace operation | C11: 1 | D11: job | E11: 3 | F11: Fictional Technician C | G11: 210 | H11: =IF(COUNTA(A11:G11,J11,L11:M11)=0,"",IF(E11="","",IFERROR(E11*VLOOKUP(F11,Assumptions!$E$5:$F$8,2,FALSE),""))) | I11: =IF(COUNTA(A11:G11,J11,L11:M11)=0,"",IF(OR(G11="",H11=""),"",IFERROR(G11+H11,""))) | J11: 760 | K11: =IF(COUNTA(A11:G11,J11,L11:M11)=0,"",IF(OR(C11="",J11=""),"",IFERROR(C11*J11,""))) | L11: Contractor | M11: Included | N11: =IF(COUNTA(A11:G11,J11,L11:M11)=0,"",IF(A11="","Check proposal ID",IF(COUNTIF(Proposals!$A$7:$A$106,A11)=0,"Check proposal ID",IF(OR(B11="",C11="",D11="",E11="",F11="",G11="",J11="",L11="",M11=""),"Check required inputs",IF(OR(C11<=0,E11<0,G11<0,J11<0),"Check quantities or amounts",IF(H11="","Check technician rate","Ready for review"))))))
A12: FICT-P-006 | B12: Replace the furnace as one proposal scope | C12: 1 | D12: job | E12: 11 | F12: Fictional Technician Team | G12: 3250 | H12: =IF(COUNTA(A12:G12,J12,L12:M12)=0,"",IF(E12="","",IFERROR(E12*VLOOKUP(F12,Assumptions!$E$5:$F$8,2,FALSE),""))) | I12: =IF(COUNTA(A12:G12,J12,L12:M12)=0,"",IF(OR(G12="",H12=""),"",IFERROR(G12+H12,""))) | J12: 5900 | K12: =IF(COUNTA(A12:G12,J12,L12:M12)=0,"",IF(OR(C12="",J12=""),"",IFERROR(C12*J12,""))) | L12: Contractor | M12: Included | N12: =IF(COUNTA(A12:G12,J12,L12:M12)=0,"",IF(A12="","Check proposal ID",IF(COUNTIF(Proposals!$A$7:$A$106,A12)=0,"Check proposal ID",IF(OR(B12="",C12="",D12="",E12="",F12="",G12="",J12="",L12="",M12=""),"Check required inputs",IF(OR(C12<=0,E12<0,G12<0,J12<0),"Check quantities or amounts",IF(H12="","Check technician rate","Ready for review"))))))
A13: FICT-P-007 | B13: Clear the condensate drain and replace accessible tubing | C13: 1 | D13: job | E13: 2.5 | F13: Fictional Technician A | G13: 35 | H13: =IF(COUNTA(A13:G13,J13,L13:M13)=0,"",IF(E13="","",IFERROR(E13*VLOOKUP(F13,Assumptions!$E$5:$F$8,2,FALSE),""))) | I13: =IF(COUNTA(A13:G13,J13,L13:M13)=0,"",IF(OR(G13="",H13=""),"",IFERROR(G13+H13,""))) | J13: 310 | K13: =IF(COUNTA(A13:G13,J13,L13:M13)=0,"",IF(OR(C13="",J13=""),"",IFERROR(C13*J13,""))) | L13: Contractor | M13: Included | N13: =IF(COUNTA(A13:G13,J13,L13:M13)=0,"",IF(A13="","Check proposal ID",IF(COUNTIF(Proposals!$A$7:$A$106,A13)=0,"Check proposal ID",IF(OR(B13="",C13="",D13="",E13="",F13="",G13="",J13="",L13="",M13=""),"Check required inputs",IF(OR(C13<=0,E13<0,G13<0,J13<0),"Check quantities or amounts",IF(H13="","Check technician rate","Ready for review"))))))
A14: FICT-P-008 | B14: Replace the wall thermostat and configure basic operation | C14: 1 | D14: each | E14: 0 | F14: Fictional Technician B | G14: 135 | H14: =IF(COUNTA(A14:G14,J14,L14:M14)=0,"",IF(E14="","",IFERROR(E14*VLOOKUP(F14,Assumptions!$E$5:$F$8,2,FALSE),""))) | I14: =IF(COUNTA(A14:G14,J14,L14:M14)=0,"",IF(OR(G14="",H14=""),"",IFERROR(G14+H14,""))) | J14: 495 | K14: =IF(COUNTA(A14:G14,J14,L14:M14)=0,"",IF(OR(C14="",J14=""),"",IFERROR(C14*J14,""))) | L14: Contractor | M14: Included | N14: =IF(COUNTA(A14:G14,J14,L14:M14)=0,"",IF(A14="","Check proposal ID",IF(COUNTIF(Proposals!$A$7:$A$106,A14)=0,"Check proposal ID",IF(OR(B14="",C14="",D14="",E14="",F14="",G14="",J14="",L14="",M14=""),"Check required inputs",IF(OR(C14<=0,E14<0,G14<0,J14<0),"Check quantities or amounts",IF(H14="","Check technician rate","Ready for review"))))))
A15: FICT-P-009 | B15: Replace damaged refrigerant-line insulation | C15: 24 | D15: foot | E15: 3 | F15: Fictional Technician A | G15: 120 | H15: =IF(COUNTA(A15:G15,J15,L15:M15)=0,"",IF(E15="","",IFERROR(E15*VLOOKUP(F15,Assumptions!$E$5:$F$8,2,FALSE),""))) | I15: =IF(COUNTA(A15:G15,J15,L15:M15)=0,"",IF(OR(G15="",H15=""),"",IFERROR(G15+H15,""))) | J15: 18 | K15: =IF(COUNTA(A15:G15,J15,L15:M15)=0,"",IF(OR(C15="",J15=""),"",IFERROR(C15*J15,""))) | L15: Contractor | M15: Included | N15: =IF(COUNTA(A15:G15,J15,L15:M15)=0,"",IF(A15="","Check proposal ID",IF(COUNTIF(Proposals!$A$7:$A$106,A15)=0,"Check proposal ID",IF(OR(B15="",C15="",D15="",E15="",F15="",G15="",J15="",L15="",M15=""),"Check required inputs",IF(OR(C15<=0,E15<0,G15<0,J15<0),"Check quantities or amounts",IF(H15="","Check technician rate","Ready for review"))))))
A16: FICT-P-010 | B16: Provide an indoor air quality monitor as an alternate | C16: 1 | D16: each | E16: 1 | F16: Fictional Technician Team | G16: 160 | H16: =IF(COUNTA(A16:G16,J16,L16:M16)=0,"",IF(E16="","",IFERROR(E16*VLOOKUP(F16,Assumptions!$E$5:$F$8,2,FALSE),""))) | I16: =IF(COUNTA(A16:G16,J16,L16:M16)=0,"",IF(OR(G16="",H16=""),"",IFERROR(G16+H16,""))) | J16: 325 | K16: =IF(COUNTA(A16:G16,J16,L16:M16)=0,"",IF(OR(C16="",J16=""),"",IFERROR(C16*J16,""))) | L16: Homeowner | M16: Alternate | N16: =IF(COUNTA(A16:G16,J16,L16:M16)=0,"",IF(A16="","Check proposal ID",IF(COUNTIF(Proposals!$A$7:$A$106,A16)=0,"Check proposal ID",IF(OR(B16="",C16="",D16="",E16="",F16="",G16="",J16="",L16="",M16=""),"Check required inputs",IF(OR(C16<=0,E16<0,G16<0,J16<0),"Check quantities or amounts",IF(H16="","Check technician rate","Ready for review"))))))
H17: =IF(COUNTA(A17:G17,J17,L17:M17)=0,"",IF(E17="","",IFERROR(E17*VLOOKUP(F17,Assumptions!$E$5:$F$8,2,FALSE),""))) | I17: =IF(COUNTA(A17:G17,J17,L17:M17)=0,"",IF(OR(G17="",H17=""),"",IFERROR(G17+H17,""))) | K17: =IF(COUNTA(A17:G17,J17,L17:M17)=0,"",IF(OR(C17="",J17=""),"",IFERROR(C17*J17,""))) | N17: =IF(COUNTA(A17:G17,J17,L17:M17)=0,"",IF(A17="","Check proposal ID",IF(COUNTIF(Proposals!$A$7:$A$106,A17)=0,"Check proposal ID",IF(OR(B17="",C17="",D17="",E17="",F17="",G17="",J17="",L17="",M17=""),"Check required inputs",IF(OR(C17<=0,E17<0,G17<0,J17<0),"Check quantities or amounts",IF(H17="","Check technician rate","Ready for review"))))))
H18: =IF(COUNTA(A18:G18,J18,L18:M18)=0,"",IF(E18="","",IFERROR(E18*VLOOKUP(F18,Assumptions!$E$5:$F$8,2,FALSE),""))) | I18: =IF(COUNTA(A18:G18,J18,L18:M18)=0,"",IF(OR(G18="",H18=""),"",IFERROR(G18+H18,""))) | K18: =IF(COUNTA(A18:G18,J18,L18:M18)=0,"",IF(OR(C18="",J18=""),"",IFERROR(C18*J18,""))) | N18: =IF(COUNTA(A18:G18,J18,L18:M18)=0,"",IF(A18="","Check proposal ID",IF(COUNTIF(Proposals!$A$7:$A$106,A18)=0,"Check proposal ID",IF(OR(B18="",C18="",D18="",E18="",F18="",G18="",J18="",L18="",M18=""),"Check required inputs",IF(OR(C18<=0,E18<0,G18<0,J18<0),"Check quantities or amounts",IF(H18="","Check technician rate","Ready for review"))))))
H19: =IF(COUNTA(A19:G19,J19,L19:M19)=0,"",IF(E19="","",IFERROR(E19*VLOOKUP(F19,Assumptions!$E$5:$F$8,2,FALSE),""))) | I19: =IF(COUNTA(A19:G19,J19,L19:M19)=0,"",IF(OR(G19="",H19=""),"",IFERROR(G19+H19,""))) | K19: =IF(COUNTA(A19:G19,J19,L19:M19)=0,"",IF(OR(C19="",J19=""),"",IFERROR(C19*J19,""))) | N19: =IF(COUNTA(A19:G19,J19,L19:M19)=0,"",IF(A19="","Check proposal ID",IF(COUNTIF(Proposals!$A$7:$A$106,A19)=0,"Check proposal ID",IF(OR(B19="",C19="",D19="",E19="",F19="",G19="",J19="",L19="",M19=""),"Check required inputs",IF(OR(C19<=0,E19<0,G19<0,J19<0),"Check quantities or amounts",IF(H19="","Check technician rate","Ready for review"))))))
H20: =IF(COUNTA(A20:G20,J20,L20:M20)=0,"",IF(E20="","",IFERROR(E20*VLOOKUP(F20,Assumptions!$E$5:$F$8,2,FALSE),""))) | I20: =IF(COUNTA(A20:G20,J20,L20:M20)=0,"",IF(OR(G20="",H20=""),"",IFERROR(G20+H20,""))) | K20: =IF(COUNTA(A20:G20,J20,L20:M20)=0,"",IF(OR(C20="",J20=""),"",IFERROR(C20*J20,""))) | N20: =IF(COUNTA(A20:G20,J20,L20:M20)=0,"",IF(A20="","Check proposal ID",IF(COUNTIF(Proposals!$A$7:$A$106,A20)=0,"Check proposal ID",IF(OR(B20="",C20="",D20="",E20="",F20="",G20="",J20="",L20="",M20=""),"Check required inputs",IF(OR(C20<=0,E20<0,G20<0,J20<0),"Check quantities or amounts",IF(H20="","Check technician rate","Ready for review"))))))
H21: =IF(COUNTA(A21:G21,J21,L21:M21)=0,"",IF(E21="","",IFERROR(E21*VLOOKUP(F21,Assumptions!$E$5:$F$8,2,FALSE),""))) | I21: =IF(COUNTA(A21:G21,J21,L21:M21)=0,"",IF(OR(G21="",H21=""),"",IFERROR(G21+H21,""))) | K21: =IF(COUNTA(A21:G21,J21,L21:M21)=0,"",IF(OR(C21="",J21=""),"",IFERROR(C21*J21,""))) | N21: =IF(COUNTA(A21:G21,J21,L21:M21)=0,"",IF(A21="","Check proposal ID",IF(COUNTIF(Proposals!$A$7:$A$106,A21)=0,"Check proposal ID",IF(OR(B21="",C21="",D21="",E21="",F21="",G21="",J21="",L21="",M21=""),"Check required inputs",IF(OR(C21<=0,E21<0,G21<0,J21<0),"Check quantities or amounts",IF(H21="","Check technician rate","Ready for review"))))))
H22: =IF(COUNTA(A22:G22,J22,L22:M22)=0,"",IF(E22="","",IFERROR(E22*VLOOKUP(F22,Assumptions!$E$5:$F$8,2,FALSE),""))) | I22: =IF(COUNTA(A22:G22,J22,L22:M22)=0,"",IF(OR(G22="",H22=""),"",IFERROR(G22+H22,""))) | K22: =IF(COUNTA(A22:G22,J22,L22:M22)=0,"",IF(OR(C22="",J22=""),"",IFERROR(C22*J22,""))) | N22: =IF(COUNTA(A22:G22,J22,L22:M22)=0,"",IF(A22="","Check proposal ID",IF(COUNTIF(Proposals!$A$7:$A$106,A22)=0,"Check proposal ID",IF(OR(B22="",C22="",D22="",E22="",F22="",G22="",J22="",L22="",M22=""),"Check required inputs",IF(OR(C22<=0,E22<0,G22<0,J22<0),"Check quantities or amounts",IF(H22="","Check technician rate","Ready for review"))))))
H23: =IF(COUNTA(A23:G23,J23,L23:M23)=0,"",IF(E23="","",IFERROR(E23*VLOOKUP(F23,Assumptions!$E$5:$F$8,2,FALSE),""))) | I23: =IF(COUNTA(A23:G23,J23,L23:M23)=0,"",IF(OR(G23="",H23=""),"",IFERROR(G23+H23,""))) | K23: =IF(COUNTA(A23:G23,J23,L23:M23)=0,"",IF(OR(C23="",J23=""),"",IFERROR(C23*J23,""))) | N23: =IF(COUNTA(A23:G23,J23,L23:M23)=0,"",IF(A23="","Check proposal ID",IF(COUNTIF(Proposals!$A$7:$A$106,A23)=0,"Check proposal ID",IF(OR(B23="",C23="",D23="",E23="",F23="",G23="",J23="",L23="",M23=""),"Check required inputs",IF(OR(C23<=0,E23<0,G23<0,J23<0),"Check quantities or amounts",IF(H23="","Check technician rate","Ready for review"))))))
H24: =IF(COUNTA(A24:G24,J24,L24:M24)=0,"",IF(E24="","",IFERROR(E24*VLOOKUP(F24,Assumptions!$E$5:$F$8,2,FALSE),""))) | I24: =IF(COUNTA(A24:G24,J24,L24:M24)=0,"",IF(OR(G24="",H24=""),"",IFERROR(G24+H24,""))) | K24: =IF(COUNTA(A24:G24,J24,L24:M24)=0,"",IF(OR(C24="",J24=""),"",IFERROR(C24*J24,""))) | N24: =IF(COUNTA(A24:G24,J24,L24:M24)=0,"",IF(A24="","Check proposal ID",IF(COUNTIF(Proposals!$A$7:$A$106,A24)=0,"Check proposal ID",IF(OR(B24="",C24="",D24="",E24="",F24="",G24="",J24="",L24="",M24=""),"Check required inputs",IF(OR(C24<=0,E24<0,G24<0,J24<0),"Check quantities or amounts",IF(H24="","Check technician rate","Ready for review"))))))
H25: =IF(COUNTA(A25:G25,J25,L25:M25)=0,"",IF(E25="","",IFERROR(E25*VLOOKUP(F25,Assumptions!$E$5:$F$8,2,FALSE),""))) | I25: =IF(COUNTA(A25:G25,J25,L25:M25)=0,"",IF(OR(G25="",H25=""),"",IFERROR(G25+H25,""))) | K25: =IF(COUNTA(A25:G25,J25,L25:M25)=0,"",IF(OR(C25="",J25=""),"",IFERROR(C25*J25,""))) | N25: =IF(COUNTA(A25:G25,J25,L25:M25)=0,"",IF(A25="","Check proposal ID",IF(COUNTIF(Proposals!$A$7:$A$106,A25)=0,"Check proposal ID",IF(OR(B25="",C25="",D25="",E25="",F25="",G25="",J25="",L25="",M25=""),"Check required inputs",IF(OR(C25<=0,E25<0,G25<0,J25<0),"Check quantities or amounts",IF(H25="","Check technician rate","Ready for review"))))))
H26: =IF(COUNTA(A26:G26,J26,L26:M26)=0,"",IF(E26="","",IFERROR(E26*VLOOKUP(F26,Assumptions!$E$5:$F$8,2,FALSE),""))) | I26: =IF(COUNTA(A26:G26,J26,L26:M26)=0,"",IF(OR(G26="",H26=""),"",IFERROR(G26+H26,""))) | K26: =IF(COUNTA(A26:G26,J26,L26:M26)=0,"",IF(OR(C26="",J26=""),"",IFERROR(C26*J26,""))) | N26: =IF(COUNTA(A26:G26,J26,L26:M26)=0,"",IF(A26="","Check proposal ID",IF(COUNTIF(Proposals!$A$7:$A$106,A26)=0,"Check proposal ID",IF(OR(B26="",C26="",D26="",E26="",F26="",G26="",J26="",L26="",M26=""),"Check required inputs",IF(OR(C26<=0,E26<0,G26<0,J26<0),"Check quantities or amounts",IF(H26="","Check technician rate","Ready for review"))))))
H27: =IF(COUNTA(A27:G27,J27,L27:M27)=0,"",IF(E27="","",IFERROR(E27*VLOOKUP(F27,Assumptions!$E$5:$F$8,2,FALSE),""))) | I27: =IF(COUNTA(A27:G27,J27,L27:M27)=0,"",IF(OR(G27="",H27=""),"",IFERROR(G27+H27,""))) | K27: =IF(COUNTA(A27:G27,J27,L27:M27)=0,"",IF(OR(C27="",J27=""),"",IFERROR(C27*J27,""))) | N27: =IF(COUNTA(A27:G27,J27,L27:M27)=0,"",IF(A27="","Check proposal ID",IF(COUNTIF(Proposals!$A$7:$A$106,A27)=0,"Check proposal ID",IF(OR(B27="",C27="",D27="",E27="",F27="",G27="",J27="",L27="",M27=""),"Check required inputs",IF(OR(C27<=0,E27<0,G27<0,J27<0),"Check quantities or amounts",IF(H27="","Check technician rate","Ready for review"))))))
H28: =IF(COUNTA(A28:G28,J28,L28:M28)=0,"",IF(E28="","",IFERROR(E28*VLOOKUP(F28,Assumptions!$E$5:$F$8,2,FALSE),""))) | I28: =IF(COUNTA(A28:G28,J28,L28:M28)=0,"",IF(OR(G28="",H28=""),"",IFERROR(G28+H28,""))) | K28: =IF(COUNTA(A28:G28,J28,L28:M28)=0,"",IF(OR(C28="",J28=""),"",IFERROR(C28*J28,""))) | N28: =IF(COUNTA(A28:G28,J28,L28:M28)=0,"",IF(A28="","Check proposal ID",IF(COUNTIF(Proposals!$A$7:$A$106,A28)=0,"Check proposal ID",IF(OR(B28="",C28="",D28="",E28="",F28="",G28="",J28="",L28="",M28=""),"Check required inputs",IF(OR(C28<=0,E28<0,G28<0,J28<0),"Check quantities or amounts",IF(H28="","Check technician rate","Ready for review"))))))
... H106: =IF(COUNTA(A106:G106,J106,L106:M106)=0,"",IF(E106="","",IFERROR(E106*VLOOKUP(F106,Assumptions!$E$5:$F$8,2,FALSE),""))) | I106: =IF(COUNTA(A106:G106,J106,L106:M106)=0,"",IF(OR(G106="",H106=""),"",IFERROR(G106+H106,""))) | K106: =IF(COUNTA(A106:G106,J106,L106:M106)=0,"",IF(OR(C106="",J106=""),"",IFERROR(C106*J106,""))) | N106: =IF(COUNTA(A106:G106,J106,L106:M106)=0,"",IF(A106="","Check proposal ID",IF(COUNTIF(Proposals!$A$7:$A$106,A106)=0,"Check proposal ID",IF(OR(B106="",C106="",D106="",E106="",F106="",G106="",J106="",L106="",M106=""),"Check required inputs",IF(OR(C106<=0,E106<0,G106<0,J106<0),"Check quantities or amounts",IF(H106="","Check technician rate","Ready for review"))))))

Sheet Assumptions
A1: Editable Proposal Assumptions and Reference Choices
A2: Pale orange cells are editable planning assumptions. Review these values before using calculated proposal indicators.
A3: Loaded labor costs are internal planning inputs and are not customer prices or guaranteed rates.
A4: Planning Setting | B4: Editable Value | C4: Unit | D4: Use | E4: Fictional Technician | F4: Loaded Labor Cost per Hour | H4: Proposal Status | J4: Responsibility | L4: Unit Choice | N4: Line Status
A5: Margin review threshold | B5: 0.25 | C5: percent | D5: Flags options below the entered planning margin. | E5: Fictional Technician A | F5: 42 | H5: Draft | J5: Contractor | L5: each | N5: Included
A6: Default proposal validity | B6: 30 | C6: days | D6: Adds days to the entered proposal date. | E6: Fictional Technician B | F6: 46 | H6: Presented | J6: Homeowner | L6: job | N6: Alternate
E7: Fictional Technician C | F7: 48 | H7: Accepted | J7: Manufacturer | L7: hour | N7: Excluded
E8: Fictional Technician Team | F8: 52 | H8: Declined | J8: Utility | L8: foot
H9: On Hold | J9: Other | L9: pound
L10: ton
